Map: Ulrena

Players

ProGexe - Winner!

  • Race: Terran Terran
  • League: Silver

ImmortalZodd

  • Race: Zerg Zerg
  • League: Silver

VOD

Have the link to the VOD?

Description

Time

  • Played on: Jan. 29, 2016, 1:30 a.m.
  • Length: 11:52
Show
View Real Time Build Order
Export as new Build Order

ProGexe Terran - Winner!

Build Orders: MMM Bio 

Get SALT Encoding   

  12  0:01  SCV  
  13  0:14  SCV  
  13  0:20  Supply Depot  
  14  0:29  Refinery  
  14  0:30  SCV  
  15  0:47  Barracks  
  15  0:50  SCV  
  16  1:03  SCV  
  17  1:15  SCV  
  18  1:36  Barracks Reactor  
  18  1:37  Orbital Command  
  18  1:40  Supply Depot  
  18  2:03  SCV  
  19  2:18  Command Center  
  19  2:25  Marine x2  
  19  2:27  Bunker  
  21  2:32  Factory  
  21  2:40  SCV  
  22  2:45  Marine x2  
  24  3:03  Supply Depot, Marine x2  
  26  3:06  Barracks  
  26  3:15  SCV  
  26  3:17  Factory Tech Lab  
  26  3:19  Starport  
  27  3:22  Marine  
  27  3:23  Marine  
  29  3:27  SCV  
  29  3:31  Orbital Command  
  30  3:39  SCV  
  30  3:40  Marine x2  
  33  3:44  Siege Tank  
  36  3:51  SCV  
  37  4:00  SCV  
  38  4:07  Refinery  
  38  4:08  Starport Reactor  
  38  4:12  SCV  
  38  4:14  Barracks  
  38  4:17  Barracks  
  39  4:21  Engineering Bay  
  39  4:25  Engineering Bay  
  39  4:26  Marine x2  
  39  4:30  SCV  
  42  4:34  SCV  
  43  4:42  SCV  
  44  4:52  SCV, Missile Turret  
  45  4:54  Medivac  
  45  4:55  SCV, Medivac  
  45  4:57  Marine  
  51  5:04  Refinery  
  52  5:07  SCV  
  52  5:10  Missile Turret  
  52  5:18  Barracks Reactor  
  52  5:19  SCV, Barracks Tech Lab  
  53  5:21  Marine  
  53  5:27  Supply Depot  
  54  5:33  Supply Depot  
  54  5:39  SCV, Marine  
  56  5:46  Supply Depot  
  56  5:50  Terran Infantry Weapons Level 1  
  56  5:51  SCV  
  56  5:54  Stimpack  
  56  5:56  Marine  
  58  5:57  Marine x2  
  58  6:01  SCV  
  58  6:03  SCV  
  62  6:11  Refinery  
  62  6:13  SCV  
  62  6:14  Marine  
  62  6:15  SCV  
  62  6:17  Siege Tank  
  62  6:18  Marine x4  
  69  6:19  Liberator  
  72  6:28  SCV  
  76  6:48  Marine x2  
  76  6:49  Marine x3  
  81  6:59  Command Center  
  81  7:28  Liberator, Marine x2  
  81  7:29  Marine x3  
  85  7:46  Siege Tank, Marine  
  79  7:57  Supply Depot  
  78  7:59  Supply Depot x2  
  78  8:07  Combat Shields  
  78  8:08  Marine x2  
  78  8:09  Marine x2  
  82  8:15  Barracks x2  
  82  8:16  Barracks x2  
  82  8:17  SCV  
  82  8:19  Orbital Command  
  83  8:28  Siege Tank  
  83  8:29  SCV  
  87  8:39  Marine x2  
  76  9:00  Siege Tank  
  79  9:04  Marine x3  
  79  9:05  Marauder  
  79  9:06  Orbital Command  
  78  9:10  Barracks Reactor  
  78  9:11  Barracks Tech Lab x2  
  78  9:12  Barracks Reactor  
  78  9:26  SCV  
  79  9:35  Bunker  
  79  9:36  SCV  
  79  9:38  SCV, Refinery  
  81  9:39  Missile Turret  
  81  9:42  Refinery, Concussive Shells  
  81  9:44  Marine x4  
  81  9:45  Marauder x2, Marine  
  90  9:46  Terran Infantry Armor Level 1  
  90  9:48  SCV  
  90  9:50  Armory  
  91  10:00  Marine x4  
  91  10:01  Medivac x2  
  91  10:03  Marauder  
  91  10:06  Marauder x2  
  105  10:20  Marine x4  
  109  10:28  Supply Depot  
  109  10:29  Supply Depot x2  
  109  10:32  Liberator  
  112  10:50  Siege Tank, Marauder  
  112  10:51  Marauder x2  
  121  11:08  Marine x3  
  121  11:09  Marine x3  
  127  11:11  Marauder  
  127  11:12  Marauder x2  
  133  11:25  Sensor Tower  
  133  11:30  Supply Depot  
  133  11:31  Supply Depot x2  
  133  11:36  Supply Depot, SCV  
Show
View Real Time Build Order
Export as new Build Order

ImmortalZodd Zerg 

Build Orders: Hatch First 

Get SALT Encoding   

  12  0:02  Drone  
  13  0:08  Drone  
  14  0:23  Overlord  
  14  0:28  Extractor  
  14  0:29  Drone  
  14  0:42  Drone x2  
  16  0:47  Drone  
  18  1:05  Hatchery  
  18  1:06  Extractor  
  16  1:11  Drone x2  
  16  1:17  Drone  
  19  1:29  Drone  
  19  1:30  Spawning Pool  
  19  1:39  Drone  
  20  2:14  Drone x2  
  20  2:15  Overlord  
  22  2:18  Metabolic Boost  
  22  2:23  Zergling x2  
  22  2:24  Queen  
  22  2:25  Queen  
  22  2:28  Drone  
  22  2:29  Overlord  
  28  2:36  Drone  
  29  2:38  Drone  
  30  2:47  Drone  
  30  2:50  Zergling x2  
  32  2:58  Drone  
  33  3:06  Queen  
  33  3:08  Hatchery  
  33  3:12  Drone x2  
  36  3:13  Drone  
  38  3:20  Drone  
  38  3:21  Drone  
  39  3:30  Drone  
  40  3:37  Roach Warren  
  40  3:39  Drone x3  
  40  3:40  Drone  
  43  3:42  Evolution Chamber  
  43  3:45  Evolution Chamber  
  39  4:04  Drone x2  
  41  4:11  Zerg Missile Weapons Level 1  
  41  4:16  Drone x2  
  43  4:19  Overlord x7  
  43  4:33  Roach x3  
  49  4:49  Roach x2  
  49  4:52  Drone x2  
  55  5:05  Roach x2, Extractor  
  55  5:06  Extractor  
  57  5:20  Roach x2  
  57  5:21  Roach x2  
  65  5:25  Drone x2  
  65  5:26  Drone x2  
  69  5:37  Roach  
  69  5:38  Roach  
  73  5:48  Lair  
  73  5:52  Drone x2  
  73  5:57  Drone x6  
  76  6:04  Drone x2, Extractor  
  83  6:07  Extractor  
  83  6:09  Hatchery  
  80  6:12  Roach x5  
  80  6:13  Roach x3  
  80  6:18  Roach x2  
  100  6:34  Roach  
  100  6:35  Roach  
  100  6:36  Overlord x3  
  100  6:37  Overlord x6  
  104  6:52  Extractor  
  104  6:53  Roach  
  105  6:54  Roach x2  
  105  6:55  Roach x2  
  115  7:01  Roach x3  
  119  7:13  Hydralisk Den  
  119  7:14  Zerg Ground Armor Level 1  
  118  7:19  Roach x3  
  124  7:26  Roach x2  
  119  7:37  Roach  
  119  7:38  Roach x3  
  115  7:57  Roach  
  115  7:58  Roach x3  
  123  8:12  Roach x3  
  129  8:24  Roach  
  129  8:25  Roach x2  
  101  8:41  Roach  
  101  8:42  Roach x3  
  101  8:46  Roach  
  97  8:53  Roach x2  
  87  9:05  Roach x2  
  87  9:08  Zerg Missile Weapons Level 2  
  65  9:16  Hydralisk  
  59  9:17  Hydralisk  
  61  9:31  Hydralisk  
  61  9:32  Hydralisk x2  
  67  9:41  Baneling Nest  
  66  9:56  Hydralisk  
  66  9:57  Hydralisk x2  
  72  10:00  Drone  
  72  10:02  Drone  
  72  10:04  Drone  
  75  10:10  Drone  
  76  10:16  Hydralisk  
  76  10:20  Hydralisk  
  80  10:39  Hydralisk x3  
  82  11:00  Hydralisk  
  82  11:01  Hydralisk x3  
  90  11:14  Zergling x8  
  94  11:23  Zergling x6  
  97  11:31  Zergling x4  
  97  11:32  Zergling x2  
Tags
 
Composition
MMM Bio
Matchup
TvZ
Add a new tag
Caveats
  • Supply blocks, unpowered buildings, or Contaminate may cause inaccurate times.
  • Supply counts are checked every 10 seconds.